 Dungeon Sprint DCSS version 0.24.0-123-gd5b16e6ec5 (webtiles) character file.

Game seed: 1913882306300724818, levelgen mode: deterministic

251 McKennaii the Destroyer (level 5, 0/38 (39) HPs)
             Began as a Draconian Conjurer on Jan 26, 2020.
             Slain by a necrophage (1 damage)
             ... in the Dungeon (Sprint II: "The Violet Keep of Menkaure").
             The game lasted 00:00:26 (40 turns).

McKennaii the Destroyer (Draconian Conjurer)          Turns: 40, Time: 00:00:26

HP:   0/38 (39)     AC:  5    Str: 10    XL:     5   Next: 88%
MP:   0/12          EV: 13    Int: 16    God:
Gold: 0             SH:  0    Dex: 12    Spells: 13/14 levels left

rFire    . . .     SeeInvis .   (no weapon)
rCold    . . .     Gourm    .   (no shield)
rNeg     . . .     Faith    .   (armour unavailable)
rPois    .         Spirit   .   (helmet restricted)
rElec    .         Reflect  .   (no cloak)
rCorr    .         Harm     .   (no gloves)
MR       .....     NoTele   +   (no boots)
Stlth    ++........             (no amulet)
HPRegen  0.12/turn              (no ring)
MPRegen  0.13/turn              (no ring)

@: no status effects
A: unfitting armour, cold-blooded, AC +5
a: no special abilities


You were in the Dungeon.
You were not hungry.

You visited 1 branch

Inventory:

Scrolls
 h - a scroll of blinking
Potions
 c - a potion of curing
 e - a potion of haste
 f - 2 potions of magic
Comestibles
 b - a ration


   Skills:
 + Level 0.6 Fighting
 + Level 3.6 Dodging
 + Level 3.1 Stealth
 * Level 5.3 Spellcasting
 + Level 10.6 Conjurations


You had 13 spell levels left.
You knew the following spells:

 Your Spells              Type           Power        Failure   Level  Hunger
a - Magic Dart            Conj           ####         1%          1    None

Your spell library contained the following spells:

 Spells                   Type           Power        Failure   Level  Hunger
 Searing Ray              Conj           #####.       1%          2    #......
 Iskenderun's Mystic Bla  Conj           #####...     1%          4    ####...
 Dazzling Spray           Conj/Hex       ###...       4%          3    ###....
 Force Lance              Conj/Tloc      ###.....     16%         4    ####...
 Fulminant Prism          Conj/Hex       ###.......   16%         4    ####...


Dungeon Overview and Level Annotations

Branches:
Dungeon (1/1)

Altars:


Innate Abilities, Weirdness & Mutations

Your plain brown scales are hard. (AC +5)
You cannot fit into any form of body armour.
You are cold-blooded and may be slowed by cold attacks.


Message History

The necrophage is severely damaged.
You recover from your berserk rage.
The necrophage closely misses you.
You hit the necrophage but do no damage.
The necrophage is severely damaged.
The necrophage hits you!
* * * LOW HITPOINT WARNING * * *
You hit the necrophage but do no damage.
The necrophage is severely damaged.
The necrophage hits you.
* * * LOW HITPOINT WARNING * * *
Casting: Magic Dart (safe; 1% risk of failure)
Confirm with . or Enter, or press ? or * to list all spells.
Aiming: Magic Dart (safe; 1% risk of failure)
Press: ? - help, Shift-Dir - straight line, f/p - necrophage
Aim: a necrophage (severely damaged)
The magic dart hits the necrophage but does no damage.
The necrophage is severely damaged.
The necrophage hits you.
You die...

## ##.#
#+#
#...##.##
#$†.n@+
#...##.##
##.# #+#
##


You could see a necrophage.

Vanquished Creatures
  3 necrophages (D)
3 creatures vanquished.

Vanquished Creatures (others)
  A crocodile (D)
1 creature vanquished.

Grand Total: 4 creatures vanquished

Notes
Turn   | Place    | Note
-------+----------+-------------------------------------------
     0 | D        | McKennaii the Draconian Conjurer began the quest for the
                  | Orb.
     0 | D        | Reached XP level 1. HP: 14/14 MP: 3/3
     1 | D        | Noticed a necrophage
     1 | D        | Noticed a necrophage
     1 | D        | Noticed a necrophage
     1 | D        | Noticed a necrophage
     5 | D        | Killed a necrophage
     5 | D        | Reached skill level 8 in Conjurations
     5 | D        | Reached XP level 2. HP: 20/20 MP: 3/6
     5 | D        | Reached XP level 3. HP: 26/26 MP: 4/8
     5 | D        | Reached XP level 4. HP: 33/33 MP: 4/9
    12 | D        | Killed a necrophage
    12 | D        | Reached skill level 9 in Conjurations
    12 | D        | Reached XP level 5. HP: 37/37 MP: 4/12
    22 | D        | Killed a necrophage
    22 | D        | Reached skill level 5 in Spellcasting
    22 | D        | Reached skill level 10 in Conjurations
    23 | D        | Killed a crocodile
    39 | D        | HP: 1/38 [necrophage (1)]
    40 | D        | Slain by a necrophage

Levels and vault maps discovered:
D:        the_violet_keep_of_menkaure [sprint2_stairs_cluster_1,
          sprint2_shoproom, sprint2_temple, sprint2_basic_supplies,
          sprint2_obstacle_3, sprint2_obstacle_2, sprint2_obstacle_7,
          sprint2_obstacle_1, sprint2_obstacle_5, sprint2_timed_cluster_1,
          sprint2_smallroom_cluster_1, sprint2_smallroom_final_cluster_1,
          sprint2_transparent_cluster_1, sprint2_second_timed_cluster_1,
          sprint2_sniper_area_1, sprint2_heavy_combat_area_1,
          sprint2_mutation_trap_area_1, sprint2_forest_area_1,
          sprint2_light_combat_area_1, sprint2_behind_water_1,
          sprint2_near_end_vault_1]

Skill      XL: |  1  2  3  4  5 |
---------------+----------------+-----
Dodging        | 2 3 |  3.6
Stealth        | 2 3 |  3.1
Spellcasting   | 3 4 5 |  5.3
Conjurations   | 8 9 10 | 10.6
Fighting       | |  0.6

Action                   |  1- 3 |  4- 6 || total
-------------------------+-------+-------++-------
Melee: Unarmed           |     3 |    20 ||    23
       Tailslap          |     2 |     3 ||     5
 Cast: Magic Dart        |       |     9 ||     9
  Use: Potion            |     1 |     1 ||     2
Armor: Skin              |       |     4 ||     4
Dodge: Dodged            |     1 |    16 ||    17
